 Dungeon Crawl Stone Soup version 0.29-a0-1065-g47a6bb87d6 (webtiles) character file.

Game seed: 4338508536294281947

18 spaghetti the Ruffian (level 2, 0/25 HPs)
             Began as a Naga Transmuter on Aug 19, 2022.
             Slain by a bat (1 damage)
             ... on level 1 of the Dungeon.
             The game lasted 00:00:57 (606 turns).

spaghetti the Ruffian (Naga Transmuter)              Turns: 606, Time: 00:00:58

Health: 0/25       AC:  1    Str: 12    XL:     2   Next: 66%
Magic:  4/5        EV:  9    Int: 13    God:
Gold:   44         SH:  0    Dex: 11    Spells: 4/5 levels left

rFire   . . .      SeeInvis +     - Unarmed
rCold   . . .      Faith    .   (no shield)
rNeg    . . .      Spirit   .   a - +0 robe
rPois   +          Reflect  .   (no helmet)
rElec   .          Harm     .   (no cloak)
rCorr   .          Rampage  .   (no gloves)
Will    .....                   (no barding)
Stlth   +.........              (no amulet)
HPRegen 0.08/turn               (no ring)
MPRegen 0.09/turn               (no ring)

@: very slow
A: AC +0, large, see invisible, deformed body, poison resistance, slowness 2,
spit poison 1, naga tail 1
a: Spit Poison


You were on level 1 of the Dungeon.
You visited 1 branch of the dungeon, and saw 1 of its levels.

You collected 44 gold pieces.


Innate Abilities, Weirdness & Mutations

Your serpentine skin is tough. (AC +0)
You have supernaturally acute eyesight. (SInv)
Armour fits poorly on your strangely shaped body.
Your system is resistant to poisons. (rPois)
You cover ground very slowly.
You can spit poison.
You have a snake-like lower body.


   Skills:
 - Level 1.0 Fighting
 - Level 1.5 Dodging
 + Level 3.9 Unarmed Combat
 - Level 2.0 Spellcasting
 - Level 2.0 Transmutations


You had 4 spell levels left.
You knew the following spells:

 Your Spells              Type           Power      Damage    Failure   Level
a - Beastly Appendage     Tmut           12%        N/A       11%         1

Your spell library contained the following spells:

 Spells                   Type           Power      Damage    Failure   Level
 Wereblood                Tmut           6%         N/A       17%         2
 Magic Dart               Conj           4%         1d3       26%         1
 Searing Ray              Conj           2%         2d4       36%         2
 Spider Form              Tmut/Pois      3%         N/A       45%         3
 Ice Form                 Ice/Tmut       3%         N/A       86%         4
 Fulminant Prism          Conj/Hex       0%         3d6       94%         4

Inventory:

Missiles
 d - 10 stones {throwing}
 e - 3 poisoned darts {throwing}
Armour
 a - a +0 robe (worn)
Magical Staves
 g - a staff of cold {!astaff}
   (You found it on level 1 of the Dungeon)
Potions
 c - a potion of brilliance {unknown}
 f - a potion of curing {unknown}

Dungeon Overview and Level Annotations

Branches:
Dungeon (1/15) Zot: 5332

Altars:

............ #.#
........... #.#
........... #.#
.......... #.#
........(## #.#
..........### #.#
.......†....# #.## #'#
.#########...
#.###@###.............
#.....b..#####........
#...†###...# #....####
#....# ###.###....# #
#....... #...#....# #
#....... ###......####
#........ #.......†.#
.......... #.......).#
##.........
#.........#


You could see a bat.


Message History

You take 1 damage, and now have 21/25 hp.
The bat hits you. 😕 HP[-1]
You take 1 damage, and now have 20/25 hp.
As you open the door, it creaks loudly!
You have got your breath back.
You hear an angry hiss.
The bat barely misses you. The dart slug bites you. 😮 HP[-2]
You take 2 damage, and now have 18/25 hp.
The bat attacks as you move away! The bat hits you.
A ball python comes into view.
The ball python hisses angrily.
The bat hits you but does no damage. The bat hits you.
There is an open door here. 😮 HP[-2]
You take 2 damage, and now have 16/25 hp.
You closely miss the bat. The bat barely misses you. The bat hits you. 😮 HP[-1]
You take 1 damage, and now have 15/25 hp.
You miss the bat. The bat closely misses you. 😮 HP[+1]
Casting: Beastly Appendage (safe; 11% risk of failure)
Confirm with . or Enter, or press ? or * to list all spells.
You miscast Beastly Appendage.
You are very lightly contaminated with residual magic.
Nothing appears to happen.
The hobgoblin completely misses you. 😮 MP[-1]
You lost 1 mp, and now have 4/5 mp.
Unknown command.
Casting: Beastly Appendage (safe; 11% risk of failure)
Confirm with . or Enter, or press ? or * to list all spells.
You grow a pair of large bovine horns.
The ball python bites you but does no damage.
The hobgoblin hits you.
The ball python bites you. 😮 HP[-2] MP[-1]
You take 2 damage, and now have 14/25 hp.
You lost 1 mp, and now have 3/5 mp.
Unknown command.
You hit the hobgoblin. The ball python bites you.
* * * LOW HITPOINT WARNING * * *
The hobgoblin hits you.
* * * LOW HITPOINT WARNING * * *
😨 HP[-5]
You take 5 damage, and now have 9/25 hp.
You hit the hobgoblin but do no damage. Your headbutt misses the hobgoblin.
The ball python bites you.
* * * LOW HITPOINT WARNING * * *
The hobgoblin misses you. 😨 HP[-2]
You take 2 damage, and now have 7/25 hp.
You barely miss the hobgoblin. The ball python barely misses you.
The hobgoblin barely misses you.
You hit the hobgoblin.
You kill the hobgoblin!
Your transformation is almost over.
The bat hits you.
* * * LOW HITPOINT WARNING * * *
The ball python bites you but does no damage.
The bat closely misses you. 😱 HP[-1]
You take 1 damage, and now have 6/25 hp.
You hit the ball python. The bat hits you but does no damage.
The ball python misses you.
You barely miss the ball python. You headbutt the ball python.
You kill the ball python!
The bat closely misses you. x2
Your magical contamination has completely faded away.
Aiming: Spit Poison (2% risk of failure)
Press: ? - help, Shift-Dir - straight line, f/p - bat
Aim: a bat (41% to hit)
The splash of poison misses the bat.
The bat hits you but does no damage.
You hit the dart slug. You headbutt the dart slug. You hit the dart slug.
The dart slug briefly extends its eye-stalks.
The dart slug barely misses you.
You hit the dart slug. You headbutt the dart slug.
You kill the dart slug!
The bat hits you.
* * * LOW HITPOINT WARNING * * *
😱 HP[-1] MP[+1]
You take 1 damage, and now have 5/25 hp.
The bat barely misses you. The ball python barely misses you.
The bat closely misses you.
The ball python closely misses you. 😱 HP[+1]
You closely miss the ball python. You headbutt the ball python.
Your horns disappear.
You have got your breath back.
The bat hits you.
* * * LOW HITPOINT WARNING * * *
The bat completely misses you. The ball python bites you.
* * * LOW HITPOINT WARNING * * *
😱 HP[-4]
You take 4 damage, and now have 2/25 hp.
You hit the ball python.
You kill the ball python!
The bat hits you.
* * * LOW HITPOINT WARNING * * *
The bat hits you.
You die...

Action                   || total
-------------------------++-------
Melee: Unarmed           ||    38
       Punch             ||     1
       Headbutt          ||     5
 Cast: Beastly Appendage ||     2
 Abil: Spit Poison       ||     9
  Use: Potion            ||     1
Armor: Robe              ||    14
       Skin              ||     2
Dodge: Dodged            ||    36

Levels and vault maps discovered:
D:1:      dpeg_arrival_simpleton_c, layout_basic,
          shapermc_ecumenical_altar_totnotflames, st_stairs_8,
          minmay_misc_feat_four_crosses, minmay_rat_gold_closets

Notes
Turn   | Place    | Note
-------+----------+-------------------------------------------
     0 | D:1      | spaghetti the Naga Transmuter began the quest for the Orb.
     0 | D:1      | Reached XP level 1. HP: 18/18 MP: 3/3
     0 | D:1      | magus.rc [v1.9.6]
   153 | D:1      | Reached XP level 2. HP: 20/25 MP: 5/5
   564 | D:1      | You pick up a book of Conjurations {@e2} and begin
                  | reading...
   564 | D:1      | You add the spells Magic Dart, Searing Ray and Fulminant
                  | Prism to your library.
   597 | D:1      | HP: 6/25 [bat (1)]
   603 | D:1      | HP: 5/25 [bat (1)]
   605 | D:1      | HP: 2/25 [ball python (3)]
   606 | D:1      | Slain by a bat

Vanquished Creatures
  A dart slug (D:1)
  5 ball pythons (D:1)
  2 bats (D:1)
  2 goblins (D:1)
  2 hobgoblins (D:1)
  2 kobolds (D:1)
  2 rats (D:1)
16 creatures vanquished.

Table legend:
 A = Non-vault XP
 B = Vault XP
 C = Vault XP percentage of total XP
 D = Non-vault monster count
 E = Vault monster count
 F = Vault count percentage of total count
                 A         B        C        D         E       F
            +---------+---------+-------+---------+---------+-------
      Total |      24 |       3 |  11.1 |      14 |       2 |  12.5
            +---------+---------+-------+---------+---------+-------
        D:1 |      24 |       3 |  11.1 |      14 |       2 |  12.5
            +---------+---------+-------+---------+---------+-------

Illustrated notes

Table legend:
 A = Kills in this place as a percentage of kills in entire the game.
 B = Kills by you in this place as a percentage of kills by you in the entire game.
 C = Kills by friends in this place as a percentage of kills by friends in the entire game.
 D = Other kills in this place as a percentage of other kills in the entire game.
 E = Experience gained in this place as a percentage of experience gained in the entire game.
 F = Experience gained in this place divided by the number of levels of this place that you have seen.
                   A       B       C       D       E      F
               +-------+-------+-------+-------+-------+----------------------
         Total | 100.0 | 100.0 |   N/A |   N/A | 100.0 |  27.0
       Dungeon | 100.0 | 100.0 |   N/A |   N/A | 100.0 |  27.0
               +-------+-------+-------+-------+-------+----------------------

Table legend: (Time is in decaauts)
 A = Elapsed time spent in this place.
 B = Non-inter-level travel time spent in this place.
 C = Inter-level travel time spent in this place.
 D = Time resting spent in this place.
 E = Time spent auto-exploring this place.
 F = Levels seen in this place.
 G = Mean time per level.
                   A        B        C        D        E       F      G
               +--------+--------+--------+--------+--------+-----+--------+
         Total |    666 |    666 |      0 |    171 |    386 |   1 |  666.0 |
       Dungeon |    666 |    666 |      0 |    171 |    386 |   1 |  666.0 |
               +--------+--------+--------+--------+--------+-----+--------+

Top non-repeatable levels by time:
     D:1: 666 daAuts
